Map: Crête de Lerilak

Players

zidar

  • Race: Zerg Zerg
  • League: Silver
  • Spawn Location: 11:00

Lux - Winner!

  • Race: Zerg Zerg
  • League: Silver
  • Spawn Location: 5:00

VOD

Have the link to the VOD?

Description

Time

  • Played on: Jan. 17, 2016, 10:07 a.m.
  • Length: 9:51
Show
View Real Time Build Order
Export as new Build Order

zidar Zerg 

Build Orders: Pool First 

Get SALT Encoding   

  12  0:01  Drone  
  13  0:08  Drone  
  13  0:13  Extractor  
  13  0:20  Overlord  
  13  0:24  Drone  
  15  0:38  Drone x2  
  17  0:55  Drone  
  18  0:58  Spawning Pool  
  18  1:00  Drone  
  18  1:18  Extractor  
  17  1:29  Drone  
  17  1:53  Spine Crawler  
  17  1:54  Hatchery, Queen  
  15  1:57  Zergling x2  
  15  1:58  Zergling x4  
  20  2:04  Baneling Nest  
  19  2:14  Drone  
  20  2:20  Overlord  
  20  2:30  Queen  
  22  2:40  Zergling x2  
  23  2:46  Metabolic Boost  
  23  2:55  Baneling  
  23  2:56  Baneling  
  23  3:04  Zergling x2  
  23  3:05  Zergling x6  
  27  3:27  Roach Warren  
  27  3:30  Zergling x4  
  28  4:13  Drone x8  
  28  4:15  Overlord  
  36  4:29  Overlord  
  36  4:56  Roach x4  
  44  5:01  Extractor  
  43  5:26  Ravager  
  44  5:31  Overlord  
  44  5:32  Overlord  
  44  5:58  Roach x8  
  60  6:06  Overlord x2  
  60  6:08  Lair  
  59  6:24  Drone x3  
  62  6:32  Drone x5  
  67  6:38  Extractor  
  66  6:40  Extractor  
  65  7:11  Spire  
  64  7:19  Drone x4  
  64  7:20  Overlord  
  64  7:21  Overlord x2  
  43  8:22  Mutalisk x10  
  52  8:31  Mutalisk  
  49  9:08  Mutalisk  
  49  9:09  Mutalisk  
Show
View Real Time Build Order
Export as new Build Order

Lux Zerg - Winner!

Build Orders: Pool First 

Get SALT Encoding   

  12  0:02  Drone  
  13  0:13  Drone  
  14  0:27  Spawning Pool  
  13  0:34  Drone  
  14  0:38  Overlord  
  14  1:04  Drone  
  14  1:05  Drone  
  16  1:14  Hatchery  
  15  1:20  Drone  
  16  1:27  Queen  
  18  1:37  Drone x2  
  20  1:45  Zergling x2  
  21  1:50  Extractor  
  21  1:52  Extractor  
  19  1:55  Drone  
  20  2:01  Drone  
  21  2:14  Drone  
  22  2:22  Overlord  
  22  2:25  Queen  
  24  2:30  Drone  
  24  2:58  Metabolic Boost  
  24  3:02  Drone x3  
  27  3:12  Roach Warren  
  27  3:16  Evolution Chamber  
  27  3:17  Drone x4  
  27  3:19  Drone x2  
  31  3:25  Overlord  
  31  3:37  Zergling x4  
  31  3:41  Drone x2  
  35  3:44  Drone x2  
  35  3:45  Drone x2  
  39  3:50  Spine Crawler  
  38  3:57  Lair  
  38  3:59  Drone  
  38  4:02  Drone  
  40  4:28  Drone  
  40  4:29  Drone x2  
  43  4:35  Extractor  
  42  4:42  Zerg Missile Weapons Level 1  
  42  4:48  Overlord  
  42  4:49  Overlord x2  
  42  4:50  Overlord  
  42  4:55  Drone  
  42  4:59  Overlord x3  
  43  5:22  Glial Reconstitution  
  43  5:24  Roach x2  
  43  5:25  Roach x6  
  43  5:26  Roach x2  
  63  5:40  Drone  
  63  5:41  Drone x2  
  66  5:45  Drone  
  67  5:51  Extractor  
  67  5:53  Hatchery  
  67  5:55  Spore Crawler  
  67  5:56  Drone x3  
  67  6:02  Spore Crawler  
  66  6:07  Spore Crawler  
  66  6:08  Roach  
  66  6:09  Roach x5  
  77  6:21  Zergling x4  
  79  6:37  Zerg Ground Armor Level 1  
  79  6:45  Roach  
  79  6:46  Roach x6  
  79  6:47  Roach  
  95  6:49  Ravager x4  
  99  6:56  Overlord  
  99  7:22  Spire  
  98  7:29  Ravager  
  99  7:30  Ravager  
  99  7:34  Ravager  
  101  7:37  Overseer  
  101  7:47  Drone x3  
  101  7:49  Queen  
  101  7:50  Overlord x2  
  108  7:51  Roach x2  
  108  7:52  Roach  
  112  8:19  Spine Crawler  
  100  9:05  Mutalisk x5  
  100  9:06  Mutalisk x5  
  120  9:15  Spore Crawler  
  113  9:50  Extractor  
Tags
 
Add a new tag
Caveats
  • Supply blocks, unpowered buildings, or Contaminate may cause inaccurate times.
  • Supply counts are checked every 10 seconds.